AoeStats
← driboperez

Arabia

509583694Analyzed
1v1 RM · 4d ago on Sep 27, 2026· 24m 1s· 2 players
Game mode
Random Map
Map size
Tiny (2 player)
Population
200
Speed
Normal
Resources
Standard
Victory
Conquest
Starting age
Dark Age
Ending age
Imperial Age
RankedLock teamsTeams togetherTeam positionsShared explorationLock speedFull tech treeHidden civsTurbo modeCheats
Victory
Defeat
🇪🇸 Berbers · Spain
1017
+15
🇸🇪 Danes · Sweden
989
-15
el noobo
11:17 Feudal Age
9:33 Loom
16:16 Castle Age
14:06 Double-Bit Axe
20:26 Squires
20:44 Arson
22:54 Scale Mail Armor
22:51 Town Watch
23:22 Horse Collar
driboperez
7:38 Loom
10:10 Feudal Age
10:53 Double-Bit Axe
19:20 Castle Age
18:28 Bloodlines
18:26 Scale Barding Armor
18:13 Horse Collar
19:25 Forging
20:37 Chain Barding Armor
22:08 Stone Mining
22:11 Gold Mining
23:45 Bow Saw
Connection lost

Rejoining the realm…

Still unreachable

The connection could not be restored.

Session expired

The server has moved on; the page needs a fresh start.